 Dungeon Crawl Stone Soup version 0.29.1-2-gbd0b4ee654 (webtiles) character file.

Game seed: 9844146817283327409

18 NinjaNoafa the Cutter (level 2, -4/22 HPs)
             Began as a Merfolk Gladiator on Nov 16, 2022.
             Slain by a gnoll
             ... wielding a +0 flail
              (12 damage)
             ... on level 1 of the Dungeon.
             The game lasted 00:01:17 (917 turns).

NinjaNoafa the Cutter (Merfolk Gladiator)            Turns: 917, Time: 00:01:17

Health: -4/22      AC:  4    Str: 14    XL:     2   Next: 70%
Magic:  2/2        EV: 13    Int:  7    God:
Gold:   27         SH:  0    Dex: 15    Spells: 1/1 levels left

rFire   . . .      SeeInvis .   a - +0 rapier
rCold   . . .      Faith    .   (no shield)
rNeg    . . .      Spirit   .   b - +0 leather armour
rPois   .          Reflect  .   c - +0 helmet
rElec   .          Harm     .   (no cloak)
rCorr   .          Rampage  .   (no gloves)
Will    .....                   (no boots)
Stlth   +.........              (no amulet)
HPRegen 0.07/turn               (no ring)
MPRegen 0.08/turn               (no ring)

@: no status effects
A: (nimble swimmer 2), mertail
a: no special abilities


You were on level 1 of the Dungeon.
You visited 1 branch of the dungeon, and saw 1 of its levels.

You collected 27 gold pieces.

Inventory:

Hand Weapons
 a - a +0 rapier (weapon)
Missiles
 d - 3 throwing nets (quivered)
 e - a javelin
 h - 11 stones
Armour
 b - a +0 leather armour (worn)
 c - a +0 helmet (worn)
Jewellery
 g - a +4 ring of slaying
Scrolls
 i - a scroll of identify {unknown}
 j - a scroll of vulnerability {unknown}
Potions
 f - a potion of cancellation {unknown}


   Skills:
 - Level 2.1 Fighting
 + Level 4.7 Short Blades
 - Level 2.0 Throwing
 - Level 4.0 Dodging


You had one spell level left.
You didn't know any spells.
Your spell library was empty.

Dungeon Overview and Level Annotations

Branches:
Dungeon (1/15)

Altars:


Innate Abilities, Weirdness & Mutations

((You are very nimble when in or above water. (Stealth+, EV+, Speed+++)))
Your lower body shifts to a powerful aquatic tail in water.


Message History

The bat hits you but does no damage. The bat hits you.
You closely miss the bat. The bat closely misses you.
The ball python closely misses you. The ball python grabs you.
The ball python constricts you. The bat hits you but does no damage.
The ball python bites you. The ball python constricts you.
You closely miss the ball python. The bat hits you. The bat barely misses you.
The ball python barely misses you. The ball python constricts you.
You closely miss the bat. The bat hits you but does no damage.
The ball python misses you. The ball python constricts you.
You hit the ball python.
You kill the ball python!
The bat hits you but does no damage.
You closely miss the bat. The bat hits you but does no damage. x2
The bat hits you but does no damage.
You see here a ball python corpse.
You hit the bat.
The bat is heavily wounded.
The bat barely misses you.
You hit the bat.
You kill the bat!
You now have 27 gold pieces (gained 7).
Found a stone staircase leading down.
A gnoll comes into view. It is wielding a +0 flail.
The gnoll shouts!
You see here 7 gold pieces.
A rat comes into view.
A frilled lizard comes into view.
Found 18 gold pieces.
The frilled lizard hisses angrily.
The gnoll closely misses you.
You hit the gnoll but do no damage. The rat misses you.
The gnoll barely misses you. The rat bites you but does no damage.
The gnoll hits you with a +0 flail!
The frilled lizard bites you but does no damage.
The rat closely misses you. The gnoll hits you with a +0 flail!
The rat attacks as you move away! The rat barely misses you.
The rat attacks as you move away! The rat bites you but does no damage.
The rat attacks as you move away! The rat bites you but does no damage.
The gnoll attacks as you move away! The gnoll hits you with a +0 flail!
Ouch! That really hurt!
You die...

#################
!..........$g..>#
.:...>.....@rl..#
.....##.######..######
####.##.#............#
#.##.#..............
###..#
#.##.#.###...##..$.#
#....####.##...# #...#
.#.# #...........†..#
#...# # #
#....####.###..# ###..
.#...# #.# #..# #..#


You could see a gnoll, a frilled lizard and a rat.

Vanquished Creatures
  A dart slug (D:1)
  2 ball pythons (D:1)
  2 bats (D:1)
  3 endoplasms (D:1)
  A hobgoblin (D:1)
  5 kobolds (D:1)
14 creatures vanquished.

Notes
Turn   | Place    | Note
-------+----------+-------------------------------------------
     0 | D:1      | NinjaNoafa the Merfolk Gladiator began the quest for the
                  | Orb.
     0 | D:1      | Reached XP level 1. HP: 16/16 MP: 1/1
    42 | D:1      | Found a faded altar of an unknown god.
   430 | D:1      | Reached XP level 2. HP: 14/22 MP: 2/2
   917 | D:1      | Slain by a gnoll

Illustrated notes

Levels and vault maps discovered:
D:1:      minmay_arrival_solitary_statue, layout_loops_ring,
          shapermc_ecumenical_altar_notcrosses

Skill      XL: |  1 |
---------------+----+-----
Short Blades   | 4 |  4.7
Fighting       | |  2.1
Throwing       | |  2.0
Dodging        | |  4.0

Action                   || total
-------------------------++-------
Melee: Rapier            ||    56
       Punch             ||     1
Armor: Leather armour    ||    30
Dodge: Dodged            ||    44
